 Dungeon Crawl Stone Soup version 0.23-a0-556-g351818a (webtiles) character file.

38 zishaf the Firebug (level 3, -2/19 HPs)
             Began as a Deep Elf Fire Elementalist on Dec 10, 2018.
             Slain by a gnoll
             ... wielding a +0 club
              (6 damage)
             ... on level 2 of the Dungeon.
             The game lasted 00:01:33 (895 turns).

zishaf the Firebug (Deep Elf Fire Elementalist)      Turns: 895, Time: 00:01:33

Health: -2/19      AC:  2    Str:  8    XL:     3   Next: 25%
Magic:  4/9        EV: 12    Int: 20    God:
Gold:   28         SH:  3    Dex: 15    Spells: 5/8 levels left

rFire    . . .     SeeInvis .   (no weapon)
rCold    . . .     Gourm    .   i - +0 buckler
rNeg     . . .     Faith    .   a - +0 robe
rPois    .         Spirit   .   (no helmet)
rElec    .         Reflect  .   (no cloak)
rCorr    .         Harm     .   (no gloves)
MR       .....                  (no boots)
Stlth    ++........             (no amulet)
HPRegen  0.06/turn              d - +3 ring of strength
MPRegen  0.11/turn              (no ring)

@: very slightly contaminated
A: no striking features
a: no special abilities


You were on level 2 of the Dungeon.
You were not hungry.

You visited 1 branch of the dungeon, and saw 2 of its levels.

You collected 28 gold pieces.

Inventory:

Missiles
 e - 2 tomahawks (quivered)
Armour
 a - a +0 robe (worn)
 i - a +0 buckler (worn)
Jewellery
 d - a +3 ring of strength (left hand)
Scrolls
 f - a scroll of remove curse {unknown}
 g - 3 scrolls of identify {unknown}
Potions
 b - a potion of haste {unknown}
 h - a potion of curing {unknown}
 j - a potion of heal wounds {unknown}
Comestibles
 c - a ration


   Skills:
 * Level 2.9 Dodging
 - Level 3.1 Stealth
 * Level 0.2 Shields
 - Level 3.0 Spellcasting
 + Level 2.0 Conjurations
 + Level 3.8 Fire Magic


You had 5 spell levels left.
You knew the following spells:

 Your Spells              Type           Power        Failure   Level  Hunger
a - Flame Tongue          Conj/Fire      ##...        7%          1    None
b - Throw Flame           Conj/Fire      ##....       11%         2    ##.....

Your spell library contained the following spells:

 Spells                   Type           Power        Failure   Level  Hunger
 Conjure Flame            Conj/Fire      ##......     21%         3    ###....
 Inner Flame              Hex/Fire       ##......     32%         3    ###....
 Sticky Flame             Conj/Fire      ##......     56%         4    ####...
 Fireball                 Conj/Fire      ##........   88%         5    ######.


Dungeon Overview and Level Annotations

Branches:
Dungeon (2/15)

Altars:


Message History

Confirm with . or Enter, or press ? or * to list all spells.
Aiming: Flame Tongue (safe; 7% risk of failure)
Press: ? - help, Shift-Dir - straight line, f/p - gnoll
Aim: a gnoll, wielding a +0 club (lightly wounded)
You miscast Flame Tongue.
Nothing appears to happen.
The gnoll hits you from afar with a +0 halberd!
Casting: Flame Tongue (safe; 7% risk of failure)
Confirm with . or Enter, or press ? or * to list all spells.
Aiming: Flame Tongue (safe; 7% risk of failure)
Press: ? - help, Shift-Dir - straight line, f/p - gnoll
Aim: a gnoll, wielding a +0 club (lightly wounded)
The flame tongue hits the gnoll.
The gnoll is heavily wounded.
The gnoll hits you with a +0 club!
* * * LOW HITPOINT WARNING * * *
The gnoll closely misses you.
You see here 14 gold pieces.
There is a stone staircase leading up here.
The gnoll hits you with a +0 club.
You die...

#.. #.## #.#. #...
.#################.##
....................>
######.##########.#.
####.######.....#.
#@........#.#####
#g...####.#.# ..
#.g..# #.# ...
#....### #.# ....
#......# #.#
....####....# .#.#
............##.#.#
...............#.#
##.$........###.#


You could see 2 gnolls.

Vanquished Creatures
  2 gnolls
  An ooze (D:1)
  2 leopard geckos (D:1)
  A giant cockroach (D:1)
  A hobgoblin (D:1)
  4 bats (D:1)
  A frilled lizard (D:1)
  3 rats
15 creatures vanquished.

Notes
Turn   | Place    | Note
-------+----------+-------------------------------------------
     0 | D:1      | zishaf the Deep Elf Fire Elementalist began the quest for
                  | the Orb.
     0 | D:1      | Reached XP level 1. HP: 10/10 MP: 6/6
   260 | D:1      | Reached XP level 2. HP: 5/15 MP: 1/8
   629 | D:1      | Learned a level 2 spell: Throw Flame
   828 | D:2      | Reached XP level 3. HP: 19/19 MP: 7/9
   895 | D:2      | Slain by a gnoll

Vault maps used:
D:1:      dpeg_arrival_stone_temple_mockup

Skill      XL: |  1  2 |
---------------+-------+-----
Stealth        | 3 |  3.1
Conjurations   | 2 |  2.0
Dodging        | |  2.9
Shields        | |  0.2
Spellcasting   | |  3.0
Fire Magic     | |  3.8

Action                   || total
-------------------------++-------
Melee: Unarmed           ||     1
 Cast: Flame Tongue      ||    31
Dodge: Dodged            ||     9
Block: Buckler           ||     1

Table legend:
 A = Non-vault XP
 B = Vault XP
 C = Vault XP percentage of total XP
 D = Non-vault monster count
 E = Vault monster count
 F = Vault count percentage of total count
                 A         B        C        D         E       F
            +---------+---------+-------+---------+---------+-------
      Total |      55 |       0 |   0.0 |      15 |       0 |   0.0
            +---------+---------+-------+---------+---------+-------
        D:1 |      40 |       0 |   0.0 |      13 |       0 |   0.0
        D:2 |      15 |       0 |   0.0 |       2 |       0 |   0.0
            +---------+---------+-------+---------+---------+-------
